[Event "XVII Profigaia Open 2017"]
[Site "Gaia"]
[Date "2017.06.14"]
[Round "1"]
[White "Borges, Afonso Maria De Alm"]
[Black "Araujo, Jose Verissimo"]
[Result "0-1"]
[ECO "B46"]
[WhiteElo "1124"]
[BlackElo "1809"]
[Annotator "NA RC"]
[PlyCount "52"]
[EventDate "2017.??.??"]
[EventType "swiss"]
[EventCountry "POR"]
[SourceTitle "playchess.com"]
[Source "ChessBase"]
[SourceQuality "1"]
[TimeControl "5400+30"]

1. e4 c5 2. Nf3 e6 3. d4 cxd4 4. Nxd4 a6 5. Nc3 Nc6 6. Be3 Nf6 {[%emt 0:00:23] LiveBook: 624 Games} 7. Be2 Bb4 {[%emt 0:01:56] B46: Sicilian: Taimanov: 5 Nc3 a6} (7... d6 8. O-O Be7 9. f4 O-O 10. a4 Bd7 11. Kh1 Qc7 12. Nb3 b6 13. Bf3 Rab8 14. g4 Bc8 15. g5 Nd7 16. Bg2 Re8 17. Rf3 g6 18. Rh3 Bf8 19. Qe1 Bg7 20. Qh4 Nf8 21. f5 Bxc3 22. f6 h5 23. bxc3 e5 24. Rg3 Nd8 {1-0 (32) Vachier Lagrave,M (2758)-Movsesian,S (2658) Berlin 2015}) 8. a3 $146 ({Predecessor:} 8. O-O Bxc3 9. bxc3 Qc7 10. Nxc6 bxc6 11. Bd3 c5 12. c4 Bb7 13. f3 h6 14. Qe1 e5 {½-½ (14) Quintin Navarro,A (2349)-Korneev,O (2594) La Roda 2017}) 8... Bxc3+ 9. bxc3 Nxe4 10. Qd3 (10. Nxc6 $11 {remains equal.} bxc6 11. Bf3) 10... d5 11. O-O $2 (11. Nxc6 $17 bxc6 12. f3) 11... Ne5 12. Qd1 Nxc3 13. Qe1 Nxe2+ 14. Qxe2 O-O 15. f4 Nc4 16. Kh1 Nxe3 17. Qxe3 Qf6 18. Rf2 Bd7 19. Raf1 Rfe8 20. Qc3 Rac8 21. Qb4 Rc4 $19 22. Qxb7 Bc8 23. Qb6 Qxd4 24. Qxd4 Rxd4 25. h3 Bd7 26. Re2 Bb5 0-1

[Event "XVII Profigaia Open 2017"]
[Site "Gaia"]
[Date "2017.06.14"]
[Round "1"]
[White "Oliveira, Afonso Duarte Q"]
[Black "Areal, Pedro"]
[Result "0-1"]
[ECO "C11"]
[WhiteElo "1104"]
[BlackElo "1771"]
[Annotator "NA RC"]
[PlyCount "56"]
[EventDate "2017.??.??"]
[EventType "swiss"]
[EventCountry "POR"]
[SourceTitle "playchess.com"]
[Source "ChessBase"]
[SourceQuality "1"]
[TimeControl "5400+30"]

1. e4 e6 2. Nf3 d5 3. Nc3 Nf6 4. e5 Nfd7 5. d4 a6 6. Bd3 c5 7. Be3 cxd4 8. Bxd4 Nc6 9. Be3 Ndxe5 10. Be2 Bd6 11. O-O O-O 12. Bc5 Bxc5 13. Nxe5 Nxe5 14. Bd3 Nxd3 15. Qxd3 Bd7 16. h3 Ba7 17. Ne2 Qh4 18. c4 Qxc4 19. Qg3 Qxe2 20. Rfe1 Qh5 21. Re5 Qh6 22. Qg4 Rac8 23. Kh2 Bb8 24. Rae1 f6 25. R1e3 Bxe5+ 26. Kh1 Rc1+ 27. Qd1 Rxd1+ 28. Re1 Rxe1# 0-1

[Event "XVII Profigaia Open 2017"]
[Site "Gaia"]
[Date "2017.06.15"]
[Round "2"]
[White "Silva, Luis Neves Da"]
[Black "Andrade, Nuno Filipe"]
[Result "1-0"]
[ECO "D15"]
[WhiteElo "2317"]
[BlackElo "1765"]
[Annotator "NA"]
[PlyCount "85"]
[EventDate "2017.??.??"]
[EventType "swiss"]
[EventCountry "POR"]
[SourceTitle "playchess.com"]
[Source "ChessBase"]
[SourceQuality "1"]
[TimeControl "5400+30"]

1. d4 d5 2. c4 c6 3. Nf3 Nf6 4. Nc3 Bf5 5. cxd5 cxd5 6. Qb3 Qb6 7. Nxd5 Nxd5 8. Qxd5 e6 9. Qb3 Nc6 10. Bd2 Bd6 {[%emt 0:15:29] D13: Slav Defence: Exchange variation without ...Bf5} (10... Bb4 11. e3 a5 12. Be2 Be4 13. O-O a4 14. Qd1 a3 15. b3 Qa5 16. Bxb4 Nxb4 17. Qd2 O-O 18. Rac1 {1-0 (40) Gerzhoy,L (2577)-Dunn,D (2156) Ottawa 2009}) 11. e3 Nb4 12. Rc1 Nd3+ $146 ({Predecessor:} 12... O-O 13. Bc4 Nd3+ 14. Bxd3 Qxb3 15. axb3 Bxd3 16. Ne5 Bxe5 17. dxe5 Rac8 18. Rxc8 Rxc8 {½-½ (27) Horak,O-Kotrba,T (2165) Czechia 2003}) 13. Bxd3 Qxb3 14. axb3 Bxd3 15. Bc3 O-O 16. Kd2 Be4 17. Ne1 b6 18. f3 Bd5 19. b4 Rfc8 20. Nd3 Rc7 21. Ra1 Rac8 22. h3 g6 23. Rhc1 Bc4 24. Rg1 Bh2 25. Rh1 Bd6 26. h4 Bd5 27. h5 Kg7 28. hxg6 hxg6 29. e4 Bc4 30. d5+ $1 f6 {[%emt 0:00:29] [#]} 31. e5 $1 Be7 $2 (31... Bxe5 {was worth a try.} 32. Nxe5 Bxd5) 32. d6 Rd7 33. dxe7 Rxd3+ 34. Kc2 f5 35. Rxa7 Re8 36. Bd2 Rd5 37. Bh6+ Kf7 38. Bf8 Rxe5 $2 (38... Kg8 39. Rh6 Rxe5 40. Rxg6+ Kf7 41. Rg7+ Kf6) 39. Rh7+ Kg8 40. Rg7+ Kh8 41. Ra1 Bf1 (41... f4 $18 42. Rxg6 Rh5) 42. Rxf1 Rc8+ 43. Kb1 1-0

[Event "XVII Profigaia Open 2017"]
[Site "Gaia"]
[Date "2017.06.15"]
[Round "2"]
[White "Padeiro, Jose"]
[Black "De Moura, Fernando Alves"]
[Result "1-0"]
[ECO "A43"]
[WhiteElo "2271"]
[BlackElo "1814"]
[Annotator "ChessBase"]
[PlyCount "61"]
[EventDate "2017.??.??"]
[EventType "swiss"]
[EventCountry "POR"]
[SourceTitle "playchess.com"]
[Source "ChessBase"]
[SourceQuality "1"]
[TimeControl "5400+30"]

1. d4 Nf6 2. c4 c5 3. d5 d6 4. Nc3 g6 5. e4 Bg7 6. Bd3 a6 7. Nge2 O-O 8. O-O Nbd7 9. f4 b5 10. cxb5 axb5 11. Bxb5 Ba6 12. Bxa6 Rxa6 13. Kh1 Qb8 14. Qc2 Qb7 15. Rb1 e6 16. dxe6 fxe6 17. a3 d5 18. e5 Ng4 19. Ng3 Rb6 20. Qe2 Nh6 21. b4 Nf5 22. Nxf5 gxf5 23. Bd2 Rb8 24. h3 Bf8 25. Rf3 d4 26. Rg3+ Bg7 27. Na4 Qa6 28. Qh5 Qc8 29. Nxb6 Rxb6 30. Rc1 c4 31. Qg5 1-0

[Event "XVII Profigaia Open 2017"]
[Site "Gaia"]
[Date "2017.06.15"]
[Round "2"]
[White "Guimaraes, Rui"]
[Black "Rocha, Nuno Miguel"]
[Result "1-0"]
[ECO "C41"]
[WhiteElo "2141"]
[BlackElo "1287"]
[Annotator "NA"]
[PlyCount "35"]
[EventDate "2017.??.??"]
[EventType "swiss"]
[EventCountry "POR"]
[SourceTitle "playchess.com"]
[Source "ChessBase"]
[SourceQuality "1"]
[TimeControl "5400+30"]

1. e4 e5 2. Nf3 d6 3. d4 exd4 4. Bc4 h6 5. c3 Nc6 6. Qb3 Qe7 7. O-O Na5 (7... d3 $14) 8. Qa4+ Nc6 9. cxd4 $14 (9. Qc2 ) ({Don't do} 9. Nxd4 $6 Bd7 $14) 9... Bd7 10. Qc2 (10. Qd1) 10... Qd8 11. Nc3 Nf6 12. e5 Nh7 13. Qb3 Na5 14. Bxf7+ Ke7 15. exd6+ cxd6 16. Re1+ Kf6 17. Ne4+ Kf5 18. Qd5+ 1-0

[Event "XVII Profigaia Open 2017"]
[Site "Gaia"]
[Date "2017.06.15"]
[Round "2"]
[White "Da Silva, Daniel Leite"]
[Black "Quinta, Daniel"]
[Result "1-0"]
[ECO "A04"]
[WhiteElo "2033"]
[BlackElo "2064"]
[Annotator "NA"]
[PlyCount "87"]
[EventDate "2017.??.??"]
[EventType "swiss"]
[EventCountry "POR"]
[SourceTitle "playchess.com"]
[Source "ChessBase"]
[SourceQuality "1"]
[TimeControl "5400+30"]

1. Nf3 c6 2. b3 d6 3. Bb2 h6 4. d3 Bg4 5. e4 Nd7 6. h3 Bxf3 7. Qxf3 e5 8. Nc3 Qf6 9. Qe2 Ne7 10. O-O-O Ng6 11. g3 Be7 12. f4 exf4 (12... Bd8 $16 {was necessary.}) 13. Nd5 Qg5 14. Nc7+ Kf8 15. Nxa8 fxg3+ 16. Rd2 Qa5 17. Kb1 Bg5 18. Rd1 h5 19. Qe1 $2 (19. d4 $18) 19... Qxe1 20. Rxe1 h4 21. Bc1 $2 (21. e5 $14 {stays ahead.} Ke7 22. exd6+ Kxd6 23. Ba3+ (23. Bxg7 Rxa8 24. Bb2 Nf4 $11) 23... c5 24. Bg2 Rxa8 25. Bxb7) 21... Be7 $2 (21... Bxc1 $17 22. Kxc1 (22. Rxc1 Ke7 $17) 22... Ke7) 22. Bg2 Bf6 23. Ref1 Bd4 24. Rf5 Nge5 25. Nc7 Rh7 26. Ne6+ Ke7 27. Nxd4 f6 28. Rf4 g6 29. Ne2 c5 30. Nc3 g5 31. Rf5 a6 32. Rhf1 b5 33. Nd5+ Kd8 34. Nxf6 Nxf6 35. Bxg5 Kc7 36. Bxf6 Kc6 37. Bxe5 c4 38. Bd4 cxb3 39. cxb3 b4 40. e5+ d5 41. Rf6+ Kb5 42. Bxd5 Rd7 43. Bc4+ Ka5 44. Rxa6# 1-0

[Event "XVII Profigaia Open 2017"]
[Site "Gaia"]
[Date "2017.06.15"]
[Round "2"]
[White "Da Silva, Daniel Leite"]
[Black "Quinta, Daniel"]
[Result "0-1"]
[ECO "B01"]
[WhiteElo "2033"]
[BlackElo "2064"]
[Annotator "NA"]
[PlyCount "94"]
[EventDate "2017.??.??"]
[EventType "swiss"]
[EventCountry "POR"]
[SourceTitle "playchess.com"]
[Source "ChessBase"]
[SourceQuality "1"]
[TimeControl "5400+30"]

1. e4 d5 2. exd5 Nf6 3. Nf3 Bg4 4. Be2 Nxd5 5. d3 Nc6 6. Be3 Nxe3 7. fxe3 e5 8. Nbd2 Bc5 9. e4 O-O 10. c3 a5 11. a4 Qe7 12. Qc2 Nd8 13. Qb3 Ne6 14. g3 Rfd8 15. Rf1 Bh3 16. O-O-O Bxf1 17. Rxf1 Be3 18. Kc2 Nc5 19. Qa2 Bxd2 20. Nxd2 Qd7 21. Rf3 Qxa4+ 22. Qxa4 Nxa4 23. Nc4 f6 24. g4 b5 25. Nd2 Nc5 26. g5 fxg5 27. Rf5 Ne6 28. Rxe5 Nf4 29. Bf1 c6 30. Rxg5 a4 31. Rf5 Rf8 32. Rc5 a3 33. bxa3 Rxa3 34. Rxc6 Ra2+ 35. Kd1 Rfa8 36. Ke1 Rb2 37. Kf2 Rxd2+ 38. Ke3 Rxh2 39. Kxf4 Rf2+ 40. Ke5 Rxf1 41. Rb6 h5 42. Rxb5 h4 43. Kd4 h3 44. Rh5 $19 Rf3 45. Kc4 g6 46. Rh6 Kg7 47. Rh4 Rh8 0-1

[Event "XVII Profigaia Open 2017"]
[Site "Gaia"]
[Date "2017.06.15"]
[Round "2"]
[White "Pintor, Simao Maciel Abranc"]
[Black "Fernandes, Claudio Micael Sous"]
[Result "1-0"]
[ECO "A39"]
[WhiteElo "2022"]
[BlackElo "1661"]
[Annotator "NA"]
[PlyCount "45"]
[EventDate "2017.??.??"]
[EventType "swiss"]
[EventCountry "POR"]
[SourceTitle "playchess.com"]
[Source "ChessBase"]
[SourceQuality "1"]
[TimeControl "5400+30"]

1. Nf3 c5 2. c4 Nc6 3. g3 g6 4. Bg2 Bg7 5. O-O Nf6 6. Nc3 O-O 7. d4 cxd4 8. Nxd4 Nxd4 9. Qxd4 d6 10. b3 Ne4 11. Qxe4 Bxc3 12. Bg5 Bxa1 13. Bxe7 Qa5 14. Bxf8 Qxa2 15. Qe8 h5 16. Bd5 Be6 17. Qxa8 Bxd5 18. cxd5 Kh7 19. Qxb7 Kg8 20. Bxd6 Bd4 21. Qb8+ Kh7 22. Be5 Bxe5 23. Qxe5 1-0

[Event "XVII Profigaia Open 2017"]
[Site "Gaia"]
[Date "2017.06.15"]
[Round "2"]
[White "Andrade Sandoval, Jim Carlos"]
[Black "De Souza Monteiro, Marcos Paulo"]
[Result "1-0"]
[ECO "D35"]
[WhiteElo "1971"]
[BlackElo "1961"]
[Annotator "NA RC"]
[PlyCount "109"]
[EventDate "2017.??.??"]
[EventType "swiss"]
[EventCountry "POR"]
[SourceTitle "playchess.com"]
[Source "ChessBase"]
[SourceQuality "1"]
[TimeControl "5400+30"]

1. d4 Nf6 2. c4 e6 3. Nc3 d5 4. cxd5 exd5 5. Bg5 c6 6. e3 Be7 7. Bd3 Nbd7 8. Qc2 O-O 9. Nf3 Re8 10. O-O h6 11. Bf4 Nf8 12. Rab1 Bg4 {[%emt 0:13:38] D36: Queen's Gambit Declined: Exchange Variation: Main line (5 Bg5 c6 6 Qc2)} (12... Nh5 13. Be5 Bg4 14. Nd2 Nd7 15. h3 Be6 16. Bh2 Rc8 17. b4 b5 18. a4 a5 19. axb5 axb4 20. Na2 cxb5 21. Qb2 Qa5 22. Nb3 Qb6 23. Qe2 Nhf6 24. Bxb5 Ne4 25. Rfc1 Rxc1+ 26. Rxc1 {½-½ (26) Georgiev,V (2511)-Medina,W (2351) Albena 2014}) 13. Ne5 Be6 14. h3 Nh5 $146 ({Predecessor:} 14... Qc8 15. b4 a6 16. Rfc1 Bd6 17. a4 Qd8 18. b5 axb5 19. axb5 Rc8 20. bxc6 bxc6 {1-0 (29) Flear,C (2235)-Barakoff,A Toulouse 1995}) 15. Bh2 Bd6 16. f4 Qh4 17. Rf3 Qe7 18. Rbf1 Nf6 19. a3 c5 20. Nb5 cxd4 21. Nxd6 Qxd6 22. exd4 Rec8 23. Qe2 Qb6 24. Kh1 Qxd4 25. Bg1 Qa4 26. f5 Bd7 27. Rf4 Qa5 28. Bd4 Re8 ({Black should try} 28... N8h7 $1 $14) 29. Qf3 Bb5 {[%emt 0:00:46] [#]} 30. Ng4 $1 Ne4 (30... N8d7 $142 31. Bxf6 Nxf6 32. Nxf6+ gxf6 33. Qxd5 Rad8 34. Rg4+ Kf8 35. Qc5+ Re7) 31. Bxb5 $2 ({White should try} 31. f6 $18) 31... Qxb5 32. Nxh6+ Kh7 $2 (32... gxh6 $11 33. Rg4+ Ng5) 33. Nxf7 Qxf1+ 34. Qxf1 Ng3+ 35. Kg1 Nxf1 {[#]} 36. Rg4 $1 g6 37. Ng5+ (37. Rh4+ $142 Kg8 38. Ng5 Re5 39. Bxe5 Nh7 40. Rxh7 Kf8 41. Bf6 Ke8 42. Ne6 gxf5 43. Re7#) 37... Kh6 38. Nf7+ Kh7 39. Kxf1 Re7 40. Ng5+ $2 (40. Rh4+ $18 {is the precise move to win.} Kg8 41. Nh6+ Kh7 42. Ng4+ Kg8 43. Rh8+ Kf7 44. Nh6+ Ke8 45. fxg6) 40... Kg8 41. f6 Rc7 42. f7+ Rxf7+ 43. Nxf7 Kxf7 44. Rf4+ Ke7 $2 (44... Ke6 $14) 45. Bc5+ Ke6 46. Rxf8 Rxf8+ 47. Bxf8 Ke5 48. Ke2 Ke4 49. Bd6 d4 50. Kd2 b5 51. b3 a6 52. Bg3 d3 53. Bf2 a5 54. a4 bxa4 55. bxa4 $18 1-0

[Event "XVII Profigaia Open 2017"]
[Site "Gaia"]
[Date "2017.06.15"]
[Round "2"]
[White "Silva, Mariana Sofia T"]
[Black "Ribeiro, Andre Amorim"]
[Result "1-0"]
[ECO "B32"]
[WhiteElo "1922"]
[BlackElo "1463"]
[Annotator "NA"]
[PlyCount "71"]
[EventDate "2017.??.??"]
[EventType "swiss"]
[EventCountry "POR"]
[SourceTitle "playchess.com"]
[Source "ChessBase"]
[SourceQuality "1"]
[TimeControl "5400+30"]

1. e4 c5 2. Nf3 Nc6 3. d4 cxd4 4. Nxd4 e5 5. Nb5 d6 6. N1c3 a6 7. Na3 Nf6 8. Bg5 Be7 9. Bxf6 Bxf6 10. Nc4 {[%emt 0:02:32] LiveBook: 8 Games} Be7 {[%emt 0:05:29] B33: Sicilian: Pelikan and Sveshnikov Variations} (10... Nd4 11. Nd5 b5 12. Ncb6 Rb8 13. Nxc8 Rxc8 14. c3 Nc6 15. a4 b4 16. Bxa6 Bg5 17. Qg4 Rb8 18. Bb5 {1-0 (19) Di Berardino,D (2484)-Silva,F (2268) Itajai 2014}) 11. Nd5 b5 12. Nxe7 Kxe7 13. Ne3 Qa5+ $146 ({Predecessor:} 13... Be6 14. Qd2 Qc7 15. g3 Rhd8 16. Bg2 Kf8 17. O-O Ne7 18. a4 {1-0 (31) Md,S (2135)-Md Emdadul,H (1972) Dhaka 2015}) 14. c3 Be6 15. Be2 b4 16. O-O bxc3 17. bxc3 Rhd8 18. Bg4 g6 (18... Kf8 $14) 19. Bxe6 fxe6 20. Qg4 Qc7 21. Qh4+ Ke8 22. Ng4 Ra7 23. f4 Kd7 24. Qxh7+ Kc8 25. Qxg6 Qe7 26. fxe5 dxe5 27. Nh6 Qc5+ 28. Kh1 Re7 29. Nf7 Rdd7 30. Qh5 Kc7 31. Rad1 Rxd1 32. Qxd1 ({Weaker is} 32. Rxd1 Qxc3 33. Ng5 Kb7 $18) 32... Na5 $2 (32... Rd7) 33. Qd8+ Kc6 34. Nxe5+ Kb5 35. Rb1+ Ka4 36. Qd1+ 1-0

[Event "XVII Profigaia Open 2017"]
[Site "Gaia"]
[Date "2017.06.15"]
[Round "2"]
[White "Antao, Jorge"]
[Black "Coimbra, Joao Marcial Ferrei"]
[Result "1-0"]
[ECO "A04"]
[WhiteElo "1873"]
[BlackElo "1402"]
[Annotator "NA"]
[PlyCount "87"]
[EventDate "2017.??.??"]
[EventType "swiss"]
[EventCountry "POR"]
[SourceTitle "playchess.com"]
[Source "ChessBase"]
[SourceQuality "1"]
[TimeControl "5400+30"]

1. Nf3 c6 2. b3 d6 3. Bb2 h6 4. d3 Bg4 5. e4 Nd7 6. h3 Bxf3 7. Qxf3 e5 8. Nc3 Qf6 9. Qe2 Ne7 10. O-O-O Ng6 11. g3 Be7 12. f4 exf4 13. Nd5 Qg5 14. Nc7+ Kf8 15. Nxa8 fxg3+ 16. Rd2 Qa5 17. Kb1 Bg5 18. Rd1 h5 19. Qe1 Qxe1 20. Rxe1 h4 21. Bc1 Be7 22. Bg2 Bf6 23. Ref1 Bd4 24. Rf5 Nge5 25. Nc7 Rh7 26. Ne6+ Ke7 27. Nxd4 f6 28. Rf4 g6 29. Ne2 c5 30. Nc3 g5 31. Rf5 a6 32. Rhf1 b5 33. Nd5+ Kd8 34. Nxf6 Nxf6 35. Bxg5 Kc7 36. Bxf6 Kc6 37. Bxe5 c4 38. Bd4 cxb3 39. cxb3 b4 40. e5+ d5 41. Rf6+ Kb5 42. Bxd5 Rd7 43. Bc4+ Ka5 44. Rxa6# 1-0

[Event "XVII Profigaia Open 2017"]
[Site "Gaia"]
[Date "2017.06.15"]
[Round "2"]
[White "Da Silva Junior, Antonio Gomes"]
[Black "Oliveira, Maria Alice Ramos M"]
[Result "0-1"]
[ECO "C54"]
[WhiteElo "1846"]
[BlackElo "1561"]
[Annotator "NA"]
[PlyCount "60"]
[EventDate "2017.??.??"]
[EventType "swiss"]
[EventCountry "POR"]
[SourceTitle "playchess.com"]
[Source "ChessBase"]
[SourceQuality "1"]
[TimeControl "5400+30"]

1. e4 e5 2. Nf3 Nc6 3. Bc4 Bc5 4. c3 Nf6 5. d4 exd4 6. cxd4 Bb4+ 7. Bd2 Bxd2+ 8. Nbxd2 d5 9. exd5 Nxd5 10. h3 O-O 11. O-O Nb6 12. Bd3 {[%emt 0:13:35] C54: Giuoco Piano: 4 c3 Nf6, main lines with 5 d4 and 5 d3} Nxd4 13. Nxd4 Qxd4 14. Qc2 h6 15. Nf3 (15. Nb3 Qf4 16. Be4 c6 17. Nc5 Nd7 18. Rfe1 Nxc5 19. Qxc5 Be6 {0-1 (50) Machan,J (2012)-Sergienko,S (2411) Nachod 2011}) 15... Qf4 16. Nh2 (16. Rfe1 $15) 16... c6 17. Rfe1 Be6 $146 ({Predecessor:} 17... Nd5 18. g3 Qf6 19. Bf1 Bf5 {0-1 (58) Grebenshikova,T (2090)-Vorobjov,D (2138) Tula 2004}) 18. Re4 Qc7 19. b3 Rad8 20. Rd1 Nd5 21. Bc4 Bf5 22. Rde1 Bxe4 23. Rxe4 Nf6 24. Re1 Rfe8 25. Rxe8+ Rxe8 26. Nf3 Qf4 27. Nh2 Re1+ 28. Nf1 $19 Ne4 29. f3 Nd2 30. Bd3 Qe3+ 0-1

[Event "XVII Profigaia Open 2017"]
[Site "Gaia"]
[Date "2017.06.15"]
[Round "2"]
[White "Catarro, Jose Joao Dias"]
[Black "Frois, Antonio"]
[Result "0-1"]
[ECO "A00"]
[WhiteElo "1833"]
[BlackElo "2278"]
[Annotator "NA"]
[PlyCount "78"]
[EventDate "2017.??.??"]
[EventType "swiss"]
[EventCountry "POR"]
[SourceTitle "playchess.com"]
[Source "ChessBase"]
[SourceQuality "1"]
[TimeControl "5400+30"]

1. b4 e5 2. Bb2 d6 3. e3 f5 4. Nf3 {[%emt 0:02:04] A00: Irregular Openings} Nf6 5. Be2 (5. a3 g6 6. Bc4 Bg7 7. Bb3 Qe7 8. d4 e4 9. Ng5 h6 10. Nh3 {1-0 (59) Petkov,V (2481)-Kuzubov,Y (2636) Kragujevac 2015}) 5... Be7 6. O-O O-O 7. c4 Kh8 8. d3 Be6 9. Nbd2 Nbd7 10. Qc2 Qe8 $146 ({Predecessor:} 10... Ng4 11. d4 {0-1 (27) Pfueller,V (1795)-Rickers,G (2150) Germany 2009}) 11. Rfe1 h6 12. a4 Bg8 13. Nf1 Bh7 14. d4 f4 15. Qb3 e4 16. N3d2 fxe3 17. Qxe3 ({White should try} 17. Nxe3 $14 c6 18. a5) 17... d5 18. b5 dxc4 19. Nxc4 Bb4 20. Rec1 Nd5 21. Qb3 Qf7 22. Qg3 Nf4 23. Qe3 Be7 24. Ba3 Rae8 25. Bxe7 Rxe7 26. Ng3 Nd5 27. Qd2 Qxf2+ 28. Kh1 Nf4 $2 (28... e3 $19 29. Qd1 Nf4) 29. Bf1 Qxd2 30. Nxd2 e3 31. Re1 Rfe8 32. Nc4 e2 33. Kg1 Bd3 34. Ne5 Nxe5 35. dxe5 Rxe5 $19 36. Bxe2 Nxe2+ 37. Nxe2 Rxe2 38. Rxe2 Rxe2 39. Rd1 Be4 0-1

[Event "XVII Profigaia Open 2017"]
[Site "Gaia"]
[Date "2017.06.15"]
[Round "2"]
[White "Araujo, Jose Verissimo"]
[Black "Alves, Damiao Fernando"]
[Result "1/2-1/2"]
[ECO "A05"]
[WhiteElo "1809"]
[BlackElo "1368"]
[Annotator "NA"]
[PlyCount "63"]
[EventDate "2017.??.??"]
[EventType "swiss"]
[EventCountry "POR"]
[SourceTitle "playchess.com"]
[Source "ChessBase"]
[SourceQuality "1"]
[TimeControl "5400+30"]

1. Nf3 Nf6 2. g3 b6 3. Bg2 Bb7 4. O-O e6 5. d4 c5 6. c4 {[%emt 0:02:21] LiveBook: 489 Games} cxd4 7. Nxd4 Bxg2 8. Kxg2 Nc6 9. Nxc6 $11 dxc6 10. Qa4 Qc7 11. Bf4 Bd6 12. Bxd6 Qxd6 13. Rd1 Qc7 14. Nc3 O-O 15. Rd2 Rfd8 16. Rad1 Rd7 17. Rxd7 Nxd7 18. Ne4 h6 19. Qa3 c5 20. Qf3 Rf8 21. b3 Ne5 22. Qf4 Qb8 23. Rd6 Ng6 24. Qd2 Ne7 25. e3 Qa8 26. f3 Nc6 27. Nc3 Rd8 28. Rxd8+ Qxd8 29. Qxd8+ Nxd8 30. Kf2 Nc6 31. Ke2 Kf8 32. Kd2 1/2-1/2

[Event "XVII Profigaia Open 2017"]
[Site "Gaia"]
[Date "2017.06.15"]
[Round "2"]
[White "Areal, Pedro"]
[Black "Marrios, Ruben"]
[Result "1-0"]
[ECO "D00"]
[WhiteElo "1771"]
[BlackElo "1315"]
[Annotator "NA"]
[PlyCount "105"]
[EventDate "2017.??.??"]
[EventType "swiss"]
[EventCountry "POR"]
[SourceTitle "playchess.com"]
[Source "ChessBase"]
[SourceQuality "1"]
[TimeControl "5400+30"]

1. d4 d5 2. Bg5 h6 3. Bh4 g5 4. Bg3 Bg7 5. e3 Nf6 6. c4 e6 7. Nc3 Nc6 8. Nb5 O-O 9. Nxc7 Rb8 10. Nb5 Ra8 11. Rc1 a6 12. Nc3 Re8 13. cxd5 exd5 14. Bd3 Be6 15. Nf3 Bg4 16. O-O Ne4 17. Be2 Bf5 18. Nxe4 Bxe4 19. a3 Qe7 20. Bd3 f5 21. Be5 g4 22. Bxg7 Kxg7 23. Bxe4 Qxe4 24. Nd2 Qe6 25. Rc5 h5 26. Qb3 Ne7 27. Rc7 b5 28. Rfc1 Rec8 29. Qb4 Kf6 30. g3 Rxc7 31. Rxc7 Rc8 32. Qc5 Rxc7 33. Qxc7 Kf7 34. Nb3 Qe4 35. Qc1 Qe6 36. Nc5 Qc6 37. Qc3 Ng6 38. Qa5 Ne7 39. Qxa6 Qxa6 40. Nxa6 Ke6 41. Nc7+ Kd6 42. Nxb5+ Kc6 43. Nc3 Ng6 44. Kg2 h4 45. gxh4 Nxh4+ 46. Kg3 Ng6 47. b4 Ne7 48. Kf4 Kd6 49. a4 Ke6 50. b5 Ng6+ 51. Kg5 Ne7 52. a5 Kd6 53. Kf6 1-0

[Event "XVII Profigaia Open 2017"]
[Site "Gaia"]
[Date "2017.06.15"]
[Round "2"]
[White "Pipiras, Filipa Fortuna"]
[Black "Margarido, Jose Miguel Teixeir"]
[Result "0-1"]
[ECO "E11"]
[WhiteElo "1641"]
[BlackElo "2038"]
[Annotator "NA"]
[PlyCount "104"]
[EventDate "2017.??.??"]
[EventType "swiss"]
[EventCountry "POR"]
[SourceTitle "playchess.com"]
[Source "ChessBase"]
[SourceQuality "1"]
[TimeControl "5400+30"]

1. d4 Nf6 2. c4 e6 3. Nf3 Bb4+ 4. Nbd2 b6 5. e3 Bb7 6. Be2 O-O 7. O-O d5 8. Ne5 $146 {[%emt 0:04:27] E14: Queen's Indian: Classical Variation (4 e3)} ({Predecessor:} 8. a3 Bxd2 9. Nxd2 Nbd7 10. b4 c5 11. dxc5 bxc5 12. Bb2 Qe7 13. cxd5 Nxd5 14. b5 Rfd8 15. Qc2 N7b6 {½-½ (64) Vorontsov,P (2462)-Cori Tello,J (2645) Merida 2016}) 8... Bd6 9. Ndf3 Qe7 10. Qc2 c5 11. dxc5 Bxc5 12. Nd2 Rc8 13. Qd1 Bd6 14. Nef3 Rd8 15. b3 Nc6 16. Bb2 Rac8 17. Rc1 e5 18. cxd5 Nxd5 19. Bc4 Ba3 20. Bxa3 Qxa3 21. Bxd5 Rxd5 22. Nc4 Qc5 23. Qe2 Qe7 24. Rfd1 Rcd8 25. Rxd5 Rxd5 26. Rd1 Qd7 27. Rxd5 Qxd5 28. Qd2 Qxd2 29. Nfxd2 f6 30. Kf1 Kf8 31. Ke2 Ke7 32. f3 Ba6 33. a3 $2 (33. e4 $15) 33... b5 34. Nxe5 Nxe5 35. Kd1 Bc8 36. e4 Be6 37. Kc2 Kd6 38. h3 g5 39. h4 gxh4 40. f4 Nc6 41. Nf3 h3 42. f5 hxg2 43. fxe6 {[%emt 0:00:18] [#]} Nd4+ $19 44. Nxd4 g1=Q 45. Nxb5+ Kxe6 46. Nc7+ Kf7 47. Nd5 h5 48. Nf4 Qf2+ 49. Kd3 Qxf4 50. b4 h4 51. b5 h3 52. a4 h2 0-1

[Event "XVII Profigaia Open 2017"]
[Site "Gaia"]
[Date "2017.06.15"]
[Round "2"]
[White "Brandao, Alvaro Sousa"]
[Black "Santos, Ricardo"]
[Result "0-1"]
[ECO "B08"]
[WhiteElo "1605"]
[BlackElo "2088"]
[Annotator "NA"]
[PlyCount "68"]
[EventDate "2017.??.??"]
[EventType "swiss"]
[EventCountry "POR"]
[SourceTitle "playchess.com"]
[Source "ChessBase"]
[SourceQuality "1"]
[TimeControl "5400+30"]

1. e4 d6 2. Nf3 Nf6 3. Nc3 g6 4. d4 Bg7 5. Be3 O-O 6. h3 c6 7. Be2 Nbd7 8. O-O e5 9. dxe5 dxe5 10. Qd2 Qe7 {B08: Pirc Defence: Classical System} 11. a3 Nc5 12. Bd3 $146 ({Predecessor:} 12. Ng5 Ne6 13. Nxe6 Bxe6 14. Rfd1 Rfd8 15. Qe1 Nd7 16. Rd2 Bf6 17. Rad1 Bg5 18. Bf1 Nb6 19. Bxg5 Qxg5 20. Qe3 Qe7 21. a4 Rxd2 22. Qxd2 Qb4 23. b3 {½-½ (23) Spassky,B (2605)-Pfleger,H (2505) Germany 1983}) 12... b6 13. Rfd1 Rd8 14. Qe2 Nh5 15. Rab1 ({Better is} 15. Bc4 $11) 15... Nf4 16. Bxf4 exf4 17. e5 Nxd3 18. cxd3 Bf5 (18... c5 $1 $15) 19. Rbc1 Rd7 20. d4 Rad8 21. Qc4 c5 22. dxc5 Bd3 {[%emt 0:10:42] [#]} (22... Rxd1+ $11 23. Rxd1 Rxd1+ 24. Nxd1 Qxc5 25. Qxf4 Qc2) 23. Qxf4 (23. Rxd3 $142 $1 Rxd3 24. c6) 23... bxc5 24. Re1 Rb7 25. Ne4 Bxe4 26. Rxe4 Rxb2 27. Rec4 Rc8 28. Qe3 Bf8 29. g4 Qb7 30. h4 Qd5 31. h5 Rcb8 32. hxg6 hxg6 33. Ng5 {[%emt 0:01:50] [#]} (33. e6 $11) 33... Be7 $11 (33... Rb1 $1 $17 34. Kh2 Rxc1 35. Rxc1 Rb3) 34. f4 Qg2# 0-1

[Event "XVII Profigaia Open 2017"]
[Site "Gaia"]
[Date "2017.06.15"]
[Round "2"]
[White "Silva, Pedro Gil Ferreira "]
[Black "Paiva, Rodrigo Garcia"]
[Result "1-0"]
[ECO "C54"]
[WhiteElo "1592"]
[BlackElo "1075"]
[Annotator "NA"]
[PlyCount "59"]
[EventDate "2017.??.??"]
[EventType "swiss"]
[EventCountry "POR"]
[SourceTitle "playchess.com"]
[Source "ChessBase"]
[SourceQuality "1"]
[TimeControl "5400+30"]

1. e4 e5 2. Nf3 Nc6 3. Bc4 Bc5 4. c3 Nf6 5. d3 d6 6. Nbd2 Bd7 7. Bb3 O-O 8. O-O Qe7 9. Re1 h6 10. h3 b5 11. Nf1 a5 12. a4 b4 13. Be3 Bb6 14. Ng3 Be6 15. d4 exd4 16. Nxd4 Nxd4 17. Bxd4 c5 18. Be3 Bxb3 19. Qxb3 c4 20. Qxc4 Bxe3 21. Rxe3 Rab8 22. Qd3 bxc3 23. bxc3 Rfc8 24. Nf5 Qe5 25. Qxd6 Qxd6 26. Nxd6 Rc6 27. Nb5 Re8 28. f3 g5 29. Rd3 Kg7 30. Rb1 1-0